 Dungeon Crawl Stone Soup version 0.25-b1-37-g2669288c55 (webtiles) character file.

Game seed: 7969928976264964548

4724 Masnef the Grappler (level 10, 0/88 HPs)
             Began as a Troll Fighter on June 6, 2020.
             Killed from afar by an electric eel (10 damage)
             ... with a bolt of electricity
             ... on level 8 of the Dungeon.
             The game lasted 00:11:26 (6711 turns).

Masnef the Grappler (Troll Fighter)                 Turns: 6711, Time: 00:11:26

Health: 0/88       AC:  7    Str: 27    XL:     10   Next: 22%
Magic:  9/9        EV:  9    Int:  4    God:
Gold:   305        SH: 17    Dex: 11    Spells: 9/9 levels left

rFire    . . .     SeeInvis .     - Unarmed
rCold    . . .     Gourm    +   o - +0 tower shield
rNeg     . . .     Faith    .   a - +0 robe
rPois    .         Spirit   .   (helmet restricted)
rElec    .         Reflect  .   I - +0 cloak
rCorr    .         Harm     .   (gloves unavailable)
MR       .....                  (boots unavailable)
Stlth    +.........             (no amulet)
HPRegen  0.64/turn              (no ring)
MPRegen  0.11/turn              (no ring)

@: no status effects
A: large, unfitting armour, claws 3, fast metabolism 3, gourmand, regeneration
1, shaggy fur 1, tough skin 3
a: no special abilities


You were on level 8 of the Dungeon.
You were completely stuffed.

You visited 1 branch of the dungeon, and saw 8 of its levels.
You also visited: Ossuary.

You collected 305 gold pieces.

Inventory:

Armour
 a - a +0 robe (worn)
 b - a +0 kite shield
 o - a +0 tower shield (worn)
 I - a +0 cloak (worn)
Jewellery
 J - an uncursed ring of positive energy {unknown}
Wands
 l - a wand of digging (4)
 r - a wand of disintegration (18)
Scrolls
 e - 5 scrolls of amnesia {unknown}
 f - 9 scrolls of identify {unknown}
 j - 2 scrolls of magic mapping {unknown}
 m - 2 scrolls of vulnerability {unknown}
 n - a scroll of enchant armour {unknown}
 v - 6 scrolls of remove curse {unknown}
 x - a scroll of enchant weapon {unknown}
 y - a scroll of summoning {unknown}
 A - 8 scrolls of random uselessness {unknown}
 B - a scroll of blinking {unknown}
 C - 3 scrolls of noise {unknown}
 D - 2 scrolls of teleportation {unknown}
 E - a scroll of torment {unknown}
 H - 2 scrolls of fog {unknown}
Potions
 c - a potion of might
 g - a potion of magic {unknown}
 h - 2 potions of brilliance {unknown}
 i - 8 potions of curing {unknown}
 k - 3 potions of flight {unknown}
 p - 2 potions of haste {unknown}
 q - 4 potions of stabbing {unknown}
 s - 2 potions of cancellation {unknown}
 t - a potion of invisibility {unknown}
 u - 4 potions of degeneration {unknown}
 w - a potion of berserk rage {unknown}
 z - 4 potions of mutation {unknown}
 F - 2 potions of heal wounds {unknown}
Comestibles
 d - 22 rations
 G - 2 chunks of flesh


   Skills:
 - Level 2.5 Fighting
 * Level 5.8 Dodging
 * Level 7.1 Shields
 * Level 11.1 Unarmed Combat


You had 9 spell levels left.
You didn't know any spells.
Your spell library contained the following spells:

 Spells                   Type           Power        Failure   Level  Hunger
 Shock                    Conj/Air       #...         97%         1    ##.....
 Sting                    Tmut/Pois      #...         97%         1    ##.....
 Poisonous Vapours        Pois/Air       #.....       99%         2    ###....
 Swiftness                Chrm/Air       #.......     99%         2    ###....
 Ignite Poison            Fire/Tmut/Pois #.......     100%        3    ####...
 Mephitic Cloud           Conj/Pois/Air  #.......     100%        3    ####...
 Static Discharge         Conj/Air       #.......     100%        3    ####...
 Airstrike                Air            #.........   100%        4    #####..
 Olgreb's Toxic Radiance  Pois           #.......     100%        4    #####..
 Lightning Bolt           Conj/Air       #.........   100%        5    ######.


Dungeon Overview and Level Annotations

Branches:
Dungeon (8/15)             Temple (0/1) D:4         Ossuary (visited)
   Lair: D:8-11

Altars:
Fedhas
Hepliaklqana
Nemelex Xobeh
Ru
Trog
Wu Jian
Yredelemnul

Shops:
D:7 }


Innate Abilities, Weirdness & Mutations

You are too large for most types of armour.
You have claws for hands.
Your metabolism is lightning-fast.
You like to eat raw meat.
Your natural rate of healing is unusually fast.
You are covered in fur. (AC +1)
You have extremely tough skin. (AC +3)


Message History

You are too injured to fight recklessly!
You are too injured to fight recklessly!
You are too injured to fight recklessly!
You are too injured to fight recklessly!
You are too injured to fight recklessly!
You are too injured to fight recklessly!
You closely miss the electric eel.
The electric eel shoots out a bolt of lightning at you!
The bolt of electricity hits you! x2
* * * LOW HITPOINT WARNING * * *
The bolt of electricity hits the electric eel.
The electric eel completely resists.
You barely miss the electric eel. You barely miss the electric eel.
You closely miss the electric eel.
The electric eel shoots out a bolt of lightning at you!
The bolt of electricity hits you!
* * * LOW HITPOINT WARNING * * *
The bolt of electricity hits you!
You die...

.≈≈.....≈≈...##.#
.≈≈.......≈≈...#.#
.♣≈♣...<...♣≈♣..).#
..≈≈.......≈≈...###
...≈≈.....≈≈...##
#..(≈≈...≈≈...##
#...≈≈.≈≈...##
#...;.≈...##
##...@...##
##.....## ##...##
#####


You could see an electric eel.

Vanquished Creatures
  Pikel (D:5)
  Eustachio (D:6)
  Sigmund (D:3)
  A hungry ghost (D:7)
  The ghost of reltour the Insei, an amateur OpTm (D:4)
  Menkaure (D:6)
  Duvessa (D:7)
  An orc warrior (D:7)
  2 ice beasts
  2 slaves
  3 sky beasts
  A phantom (D:8)
  7 ogres
  2 big kobolds
  2 bullfrogs
  Dowan (D:7)
  A scorpion (D:5)
  4 killer bees (D:7)
  3 wights (D:7)
  6 crimson imps
  A centaur zombie (Ossuary)
  A bullfrog zombie (D:7)
  8 hounds
  3 bullfrog skeletons
  2 human zombies (Ossuary)
  An orc priest (D:7)
  3 jellies
  10 orc wizards
  Jessica (D:2)
  An iguana (D:6)
  4 worker ants
  3 mummies (Ossuary)
  2 worker ant zombies
  Robin (D:2)
  4 gnolls (D:4)
  A howler monkey skeleton (D:5)
  12 adders
  3 oozes
  An adder skeleton (D:4)
  2 worms
  A dart slug (D:2)
  13 leopard geckos
  27 orcs
  A ball python (D:3)
  2 bats
  3 giant cockroaches
  A gnoll zombie (Ossuary)
  16 goblins
  11 hobgoblins
  3 jackals
  12 kobolds
  4 quokkas
  4 frilled lizards
  A giant cockroach zombie (D:6)
  A goblin zombie (Ossuary)
  A hobgoblin zombie (Ossuary)
  3 jackal skeletons (D:5)
  A jackal zombie (D:5)
  A leopard gecko skeleton (D:5)
  2 orc zombies (Ossuary)
  11 rats
225 creatures vanquished.

Vanquished Creatures (others)
  A plant (D:4)
1 creature vanquished.

Grand Total: 226 creatures vanquished

Notes
Turn   | Place    | Note
-------+----------+-------------------------------------------
     0 | D:1      | Masnef the Troll Fighter began the quest for the Orb.
     0 | D:1      | Reached XP level 1. HP: 22/22 MP: 0/0
   105 | D:1      | Reached XP level 2. HP: 24/29 MP: 1/1
   383 | D:1      | Reached skill level 3 in Unarmed Combat
   391 | D:1      | Reached XP level 3. HP: 33/36 MP: 2/2
   570 | D:2      | Noticed Jessica
   574 | D:2      | Killed Jessica
   626 | D:2      | Reached skill level 4 in Unarmed Combat
   640 | D:2      | Reached XP level 4. HP: 44/44 MP: 3/3
  1098 | D:2      | Noticed Robin
  1125 | D:2      | Killed Robin
  1206 | D:2      | Reached XP level 5. HP: 50/50 MP: 4/4
  1550 | D:3      | Reached skill level 5 in Unarmed Combat
  1612 | D:3      | Found a basalt altar of Yredelemnul.
  1735 | D:3      | Found a sparkling altar of Nemelex Xobeh.
  1801 | D:3      | Noticed Sigmund
  1809 | D:3      | Killed Sigmund
  1809 | D:3      | Reached XP level 6. HP: 47/59 MP: 5/5
  2103 | D:4      | Found a hazy altar of Hepliaklqana.
  2138 | D:4      | Found a staircase to the Ecumenical Temple.
  2166 | D:4      | Reached skill level 6 in Unarmed Combat
  2254 | D:4      | Found a bloodstained altar of Trog.
  2535 | D:4      | Reached XP level 7. HP: 66/66 MP: 6/6
  2601 | D:4      | Found a runed translucent gate.
  2601 | D:4      | Found a runed translucent gate.
  2601 | D:4      | Found a runed translucent gate.
  2602 | D:4      | Noticed reltour's ghost (amateur OpTm)
  2972 | D:4      | Killed reltour's ghost
  3084 | D:5      | Entered Level 5 of the Dungeon
  3128 | D:5      | Reached skill level 7 in Unarmed Combat
  3316 | D:5      | Reached XP level 8. HP: 73/74 MP: 7/7
  4069 | D:6      | Noticed Pikel
  4127 | D:5      | Killed Pikel
  4127 | D:5      | Reached skill level 5 in Shields
  4127 | D:5      | Reached skill level 8 in Unarmed Combat
  4246 | D:6      | Found a sand-covered staircase.
  4251 | Ossuary  | Entered an ossuary
  4418 | Ossuary  | Reached skill level 9 in Unarmed Combat
  4549 | D:6      | Reached XP level 9. HP: 38/80 MP: 8/8
  4685 | D:6      | Found a blossoming altar of Fedhas.
  4801 | D:6      | Noticed Eustachio
  4810 | D:6      | Killed Eustachio
  4855 | D:6      | Reached skill level 5 in Dodging
  5157 | D:6      | Noticed Menkaure
  5163 | D:6      | Killed Menkaure
  5363 | D:7      | Noticed Duvessa
  5363 | D:7      | Noticed Dowan
  5371 | D:7      | Reached skill level 10 in Unarmed Combat
  5377 | D:7      | Killed Duvessa
  5382 | D:7      | Killed Dowan
  5741 | D:7      | Reached XP level 10. HP: 71/88 MP: 9/9
  5899 | D:7      | Found an ornate altar of the Wu Jian Council.
  6137 | D:7      | Found a sacrificial altar of Ru.
  6145 | D:7      | Found Gilunei's Gadget Shop.
  6263 | D:8      | Reached skill level 11 in Unarmed Combat
  6711 | D:8      | Killed from afar by an electric eel

Illustrated notes

Levels and vault maps discovered:
D:1:      lemuel_arrival_broad_hall, layout_rooms, dk_noncrumbling_4,
          minmay_misc_feat_iff, minmay_heptomino_h4
D:2:      layout_basic, uniq_robin, uniq_jessica
D:3:      layout_basic, nemelex_xobeh_ov_fountains_minmay,
          yredelemnul_altar_generic, uniq_sigmund
D:4:      layout_basic, lemuel_crystal_altar, kennysheep_mini,
          minmay_temple_entry_stoned_glass, gammafunk_ghost_necromancy,
          first_ration, lexackson_kobold_supper
D:5:      layout_loops_ring, serial_bayou, serial_bayou_shore_b,
          serial_bayou_lake_a, serial_bayou_pond_b, serial_bayou_shore_b,
          serial_bayou_lagoon_a, serial_bayou_crossing
D:6:      layout_basic, fedhas_altar_2, enter_ossuary_2, uniq_eustachio,
          uniq_pikel, uniq_menkaure
D:7:      layout_loops_ring, lemuel_crystal_altar, kennysheep_mini_moat,
          serial_shops, shop, uniq_duvessa
D:8:      layout_loops_ring, kennysheep_diamond

Skill      XL: |  1  2  3  4  5  6  7  8  9 10 |
---------------+-------------------------------+-----
Unarmed Combat | 3 4 5 6 7 9 10 11 | 11.1
Shields        | 3 4 5 6 7 |  7.1
Dodging        | 3 4 5 |  5.8
Fighting       | |  2.5

Action                   |  1- 3 |  4- 6 |  7- 9 | 10-12 || total
-------------------------+-------+-------+-------+-------++-------
Melee: Unarmed           |    69 |   187 |   368 |   112 ||   736
 Stab: Sleeping          |       |     1 |       |     1 ||     2
  Eat: Chunk             |    11 |    18 |    30 |    14 ||    73
       Ration            |       |       |     1 |       ||     1
Armor: Robe              |    26 |    30 |    54 |    12 ||   122
Dodge: Dodged            |    18 |    29 |    53 |    11 ||   111
Block: Kite shield       |    25 |     4 |       |       ||    29
       Tower shield      |       |    94 |   218 |    72 ||   384
